AoeStats
← giakimo3651

Arena

507327121Analyzed
1v1 RM · 16d ago on Sep 17, 2026· 48m 7s· 2 players
Game mode
Random Map
Map size
Tiny (2 player)
Population
200
Speed
Normal
Resources
Standard
Victory
Conquest
Starting age
Dark Age
Ending age
Imperial Age
RankedLock teamsTeams togetherTeam positionsShared explorationLock speedFull tech treeHidden civsTurbo modeCheats
Victory
Defeat
🇺🇸 Poles · United States
878
+14
🇮🇹 Burmese · Italy
841
-14
pooter_07
10:18 Feudal Age
11:30 Double-Bit Axe
17:12 Castle Age
15:23 Loom
15:23 Town Watch
15:23 Loom
15:23 Town Watch
15:23 Loom
15:49 Horse Collar
16:19 Stone Mining
16:20 Gold Mining
17:15 Bloodlines
18:31 Husbandry
19:19 Scale Barding Armor
28:09 Scale Mail Armor
28:45 Ballistics
29:39 Fletching
29:49 Padded Archer Armor
29:39 Fletching
29:49 Padded Archer Armor
29:39 Fletching
30:35 Wheelbarrow
29:44 Crossbowman
30:30 Thumb Ring
30:32 Bodkin Arrow
30:38 Padded Archer Armor
33:41 Imperial Age
32:09 Stone Shaft Mining
31:52 Careening
34:26 Forging
34:36 Chain Barding Armor
34:31 Chain Mail Armor
34:37 Chain Barding Armor
34:32 Chain Mail Armor
34:27 Forging
34:32 Chain Mail Armor
34:34 Leather Archer Armor
34:50 Hand Cart
34:37 Bracer
36:00 Chemistry
34:40 Arbalester
36:20 Town Patrol
36:57 Iron Casting
35:45 Pikeman
35:45 Man-at-Arms
35:46 Pikeman
35:46 Man-at-Arms
37:04 Szlachta Privileges
37:31 Squires
37:16 Arson
37:31 Squires
37:16 Arson
37:01 Light Cavalry
37:01 Cavalier
37:44 Murder Holes
37:31 Treadmill Crane
38:16 Masonry
38:37 Bow Saw
37:54 Winged Hussar
39:31 Conscription
38:37 Long Swordsman
41:52 Blast Furnace
41:07 Heavy Plow
41:46 Two-Handed Swordsman
43:00 Fortified Wall
43:33 Plate Mail Armor
44:44 Champion
46:04 Hoardings
47:25 Lechitic Legacy
48:32 Siege Engineers
48:38 Clinker Construction
48:19 Guard Tower
48:14 Arrowslits
48:06 Capped Ram
giakimo3651
0:35 Loom
11:03 Feudal Age
11:52 Horse Collar
13:36 Wheelbarrow
15:14 Gold Mining
20:55 Castle Age
19:34 Scale Mail Armor
20:10 Padded Archer Armor
20:13 Stone Mining
20:59 Forging
21:41 Husbandry
21:47 Squires
21:08 Pikeman
24:21 Hand Cart
24:30 Gambesons
24:18 Elite Skirmisher
25:22 Fervor
26:35 Gold Shaft Mining
26:39 Heavy Plow
28:45 Scale Barding Armor
29:24 Chain Mail Armor
30:52 Ballistics
30:29 Murder Holes
30:43 Town Watch
30:54 Fletching
32:05 Chain Barding Armor
32:31 Treadmill Crane
33:04 Masonry
38:24 Imperial Age
37:29 Iron Casting
38:14 Bodkin Arrow
38:32 Halberdier
40:02 Crop Rotation
40:13 Bracer
42:01 Chemistry
43:54 Plate Mail Armor
44:24 Blast Furnace
45:32 Man-at-Arms
45:42 Elite Battle Elephant
46:43 Long Swordsman
47:44 Two-Handed Swordsman
Connection lost

Rejoining the realm…

Still unreachable

The connection could not be restored.

Session expired

The server has moved on; the page needs a fresh start.